 Dungeon Crawl Stone Soup version 0.27.0-1-g7a089689b8 (webtiles) character file.

Game seed: 1396543704109029844

488 mainiacjoe the Covert (level 7, 0/43 (45) HPs)
             Began as an Octopode Brigand on July 31, 2021.
             Slain by a necrophage (8 damage)
             ... on level 4 of the Dungeon.
             The game lasted 00:08:00 (2605 turns).

mainiacjoe the Covert (Octopode Brigand)            Turns: 2605, Time: 00:08:01

HP:   0/43 (45)     AC:  1    Str: 10    XL:     7   Next: 13%
MP:   7/7           EV: 12    Int: 14    God:
Gold: 62            SH:  0    Dex: 15    Spells: 6/6 levels left

rFire    . . .     SeeInvis .   a - +0 dagger (drain)
rCold    . . .     Faith    .   (no shield)
rNeg     . . .     Spirit   .   (helmet restricted)
rPois    .         Reflect  .   (no amulet)
rElec    .         Harm     .   (no ring)
rCorr    .         Rampage  .   (no ring)
Will     .....                  (no ring)
Stlth    +++++.....             (no ring)
HPRegen  0.14/turn              (no ring)
MPRegen  0.10/turn              (no ring)
                                (no ring)
                                (no ring)

@: lightly drained
A: almost no armour, amphibious, 8 rings, camouflage 1, gelatinous body 1,
(nimble swimmer 1), tentacles
a: no special abilities


You were on level 4 of the Dungeon.
You visited 1 branch of the dungeon, and saw 4 of its levels.

You collected 62 gold pieces.

Inventory:

Hand Weapons
 a - a +0 dagger of draining (weapon)
 k - a +2 dagger
Missiles
 c - a curare-tipped dart {=F}
 d - 42 arrows
 f - 43 stones
 g - 39 sling bullets
 m - 3 poisoned darts (quivered)
Scrolls
 j - a scroll of noise {unknown}
Potions
 b - a potion of degeneration {unknown}
 e - a potion of curing {unknown}
 h - a potion of ambrosia {unknown}
 i - 2 potions of flight {unknown}
 l - a potion of heal wounds
 n - a potion of brilliance {unknown}
 o - a potion of berserk rage {unknown}


   Skills:
 - Level 2.0 Fighting
 * Level 4.5 Short Blades
 - Level 2.0 Throwing
 + Level 1.0 Dodging
 - Level 10.0 Stealth


You had 6 spell levels left.
You didn't know any spells.
Your spell library was empty.

Dungeon Overview and Level Annotations

Branches:
Dungeon (4/15)
 Temple: D:4-7

Altars:

Annotations:
D:1 exclusion: downstairs


Innate Abilities, Weirdness & Mutations

You cannot wear most types of armour.
You are amphibious.
You can wear up to eight rings at the same time.
Your skin changes colour to match your surroundings (Stealth+).
Your rubbery body absorbs attacks. (AC +1, EV +1)
((You are camouflaged near water. (Stealth+)))
You have tentacles for arms and can constrict up to eight enemies at once.


Message History

Your squeeze misses the quokka.
The quokka bites you but does no damage.
You hit the quokka but do no damage. You drain the quokka.
Your grab misses the quokka.
The quokka is heavily wounded.
The quokka bites you.
You are too injured to fight recklessly!
You are too injured to fight recklessly!
You are too injured to fight recklessly!
You are too injured to fight recklessly!
You are too injured to fight recklessly!
You barely miss the quokka. You grab the quokka.
Your squeeze misses the quokka.
The quokka is heavily wounded.
You constrict the quokka, but do no damage.
The quokka bites you.
You barely miss the quokka.
The quokka is heavily wounded.
You constrict the quokka. The quokka bites you.
You hit the quokka.
You kill the quokka!
The necrophage hits you.
You feel drained.
You see here the felid corpse of Natasha.
You hit the necrophage but do no damage.
Your grab misses the necrophage. The necrophage hits you.
You closely miss the necrophage. You grab the necrophage.
You constrict the necrophage, but do no damage.
You hit the necrophage.
The necrophage is lightly damaged.
You constrict the necrophage. The necrophage barely misses you.
You hit the necrophage. You squeeze the necrophage!
The necrophage is heavily damaged.
You constrict the necrophage. The necrophage hits you.
* * * LOW HITPOINT WARNING * * *
You feel drained.
* * * LOW HITPOINT WARNING * * *
You hit the necrophage.
The necrophage is severely damaged.
You constrict the necrophage. The necrophage hits you!
You die...

.## #....## .# ##....#
## ##...##
.#########...# .#
.......###...## .#
..............## #.#
...............###..#
...###########..n#..#
...### ###@†..# .....#
##(...# .....# ##)....##
.....# ###.......#
###### ##...†.....#
##...........#
#.............# ######
#..............
.....#####...........##.


You could see a necrophage.

Vanquished Creatures
  A black bear (D:4)
  2 ogres (D:4)
  2 hounds (D:4)
  Natasha (D:4)
  A hound skeleton (D:2)
  Robin (D:3)
  A gnoll (D:4)
  4 adders
  An adder skeleton (D:4)
  An orc (D:4)
  5 ball pythons
  3 bats (D:1)
  5 endoplasms
  2 giant cockroaches (D:1)
  11 goblins
  8 hobgoblins
  9 jackals (D:1)
  3 quokkas
  6 frilled lizards
  3 kobolds
  2 rats (D:1)
72 creatures vanquished.

Notes
Turn   | Place    | Note
-------+----------+-------------------------------------------
     0 | D:1      | mainiacjoe the Octopode Brigand began the quest for the
                  | Orb.
     0 | D:1      | Reached XP level 1. HP: 14/14 MP: 1/1
   251 | D:1      | Reached XP level 2. HP: 14/19 MP: 2/2
   358 | D:1      | Reached skill level 6 in Stealth
   606 | D:1      | Reached XP level 3. HP: 24/24 MP: 3/3
   767 | D:1      | Upgraded the game from 0.27.0 to 0.27.0-1-g7a089689b8
  1205 | D:2      | Reached skill level 7 in Stealth
  1205 | D:2      | Reached XP level 4. HP: 29/29 MP: 4/4
  1375 | D:3      | Noticed Robin
  1422 | D:3      | Killed Robin
  1955 | D:4      | Reached XP level 5. HP: 30/34 MP: 5/5
  1965 | D:4      | Reached skill level 8 in Stealth
  1969 | D:4      | Noticed an ogre
  2258 | D:4      | Noticed an ogre
  2277 | D:4      | Killed an ogre
  2278 | D:4      | Reached XP level 6. HP: 39/39 MP: 6/6
  2312 | D:4      | Reached skill level 9 in Stealth
  2489 | D:4      | Noticed Natasha
  2491 | D:4      | Noticed a black bear
  2504 | D:4      | Killed a black bear
  2505 | D:4      | Reached XP level 7. HP: 37/45 MP: 7/7
  2521 | D:4      | Killed Natasha
  2528 | D:4      | Reached skill level 10 in Stealth
  2605 | D:4      | Slain by a necrophage

Illustrated notes

Levels and vault maps discovered:
D:1:      dpeg_arrival_arbitrary_a, layout_basic
D:2:      layout_loops_cross, dreamdust_ecumenical_altar_grove,
          grunt_ministairs_11
D:3:      layout_loops_corners, dk_yredelemnul_ordeal, uniq_robin, uniq_ijyb
D:4:      layout_cave_pods, mainiacjoe_overflow_six_doors_small, minitemple,
          minmay_bent, uniq_natasha

Skill      XL: |  1  2  3  4  5  6  7 |
---------------+----------------------+-----
Stealth        | 6 7 8 9 10 | 10.0
Short Blades   | 3 4 |  4.5
Fighting       | |  2.0
Throwing       | |  2.0
Dodging        | |  1.0

Action                   |  1- 3 |  4- 6 |  7- 9 || total
-------------------------+-------+-------+-------++-------
Melee: Dagger            |    58 |    88 |    17 ||   163
       Constrict         |    12 |    19 |     4 ||    35
       Tentacles         |    14 |    16 |     3 ||    33
Throw: Dart              |    31 |    27 |     1 ||    59
       Stone             |     8 |    11 |       ||    19
 Stab: Sleeping          |     9 |     3 |       ||    12
Armor: Skin              |       |     6 |     1 ||     7
Dodge: Dodged            |    27 |    36 |     9 ||    72
